 Dungeon Crawl Stone Soup version 0.29-a0-234-g0dae59b3db (webtiles) character file.

Game seed: 16824485495272172571

5 shoop the Vexing (level 1, -1/11 HPs)
             Began as a Deep Elf Arcane Marksman on Mar 3, 2022.
             Slain by a kobold
             ... wielding a +0 dagger
              (2 damage)
             ... on level 1 of the Dungeon.
             The game lasted 00:00:32 (62 turns).

shoop the Vexing (Deep Elf Arcane Marksman)           Turns: 62, Time: 00:00:33

Health: -1/11      AC:  2    Str:  7    XL:     1   Next: 66%
Magic:  5/5        EV: 12    Int: 17    God:
Gold:   29         SH:  0    Dex: 15    Spells: 2/3 levels left

rFire   . . .      SeeInvis .   a - +0 shortbow
rCold   . . .      Faith    .   (shield currently unavailable)
rNeg    . . .      Spirit   .   b - +0 robe
rPois   .          Reflect  .   (no helmet)
rElec   .          Harm     .   (no cloak)
rCorr   .          Rampage  .   (no gloves)
Will    .....                   (no boots)
Stlth   ++........              (no amulet)
HPRegen 0.03/turn               (no ring)
MPRegen 0.09/turn               (no ring)

@: no status effects
A: no striking features
a: no special abilities


You were on level 1 of the Dungeon.
You visited 1 branch of the dungeon, and saw 1 of its levels.

You collected 29 gold pieces.

Inventory:

Hand Weapons
 a - a +0 shortbow (weapon)
Armour
 b - a +0 robe (worn)


   Skills:
 + Level 0.9 Fighting
 + Level 2.8 Bows
 + Level 2.5 Dodging
 + Level 0.5 Stealth
 + Level 1.7 Spellcasting
 - Level 4.0 Hexes


You had 2 spell levels left.
You knew the following spells:

 Your Spells              Type           Power      Damage    Failure   Level
a - Slow                  Hex            60%        N/A       3%          1

Your spell library contained the following spells:

 Spells                   Type           Power      Damage    Failure   Level
 Inner Flame              Hex/Fire       8%         N/A       26%         3
 Portal Projectile        Hex/Tloc       16%        N/A       26%         3
 Cause Fear               Hex            7%         N/A       36%         4


Dungeon Overview and Level Annotations

Branches:
Dungeon (1/15)

Altars:


Message History

Press: ? - help, Shift-Dir - straight line, f - ball python
Aim: a ball python (55% to hit)
You shoot an arrow.
The arrow completely misses the ball python.
The arrow barely misses the kobold.
The ball python bites you but does no damage.
The ball python barely misses you. The ball python misses you.
The ball python closely misses you.
Shoot: a) +0 shortbow
Press: ? - help, Shift-Dir - straight line, f/p - ball python
Aim: a ball python (55% to hit)
You shoot an arrow. The arrow hits the ball python!
You kill the ball python!
The jackal barely misses you.
Shoot: a) +0 shortbow
Press: ? - help, Shift-Dir - straight line, f - jackal
Aim: a jackal (51% to hit)
You shoot an arrow. The arrow misses the jackal.
The arrow hits the kobold.
The kobold is heavily wounded.
The jackal bites you but does no damage.
The jackal barely misses you.
Shoot: a) +0 shortbow
Press: ? - help, Shift-Dir - straight line, f/p - jackal
Aim: a jackal (51% to hit)
You shoot an arrow. The arrow closely misses the jackal.
The arrow barely misses the kobold.
The jackal misses you. The jackal closely misses you.
Shoot: a) +0 shortbow
Press: ? - help, Shift-Dir - straight line, f/p - jackal
Aim: a jackal (51% to hit)
You shoot an arrow. The arrow hits the jackal!
You kill the jackal!
The kobold hits you with a +0 dagger.
* * * LOW HITPOINT WARNING * * *
Shoot: a) +0 shortbow
Press: ? - help, Shift-Dir - straight line, f - kobold
Aim: a kobold, wielding a +0 dagger (heavily wounded, 51% to hit)
You shoot an arrow. The arrow completely misses the kobold.
The kobold hits you with a +0 dagger.
You die...

......## .h. # #.....##S.
#.#....... #......[#
###..h### #....†..#
##.#..##.# ######### #
#####........###........
.#.#...........K@...######
#.##.##.)#.##..###..#
.#.............###..#
#.##.##.##.##.......#
.#.#.......##.###...#
#.##..........# #...#
#.#.##.##.#### #...#
...#...#.# #.).#
###.....#.#


You could see a kobold.

Vanquished Creatures
  A giant cockroach (D:1)
  A jackal (D:1)
  2 ball pythons (D:1)
  A frilled lizard (D:1)
5 creatures vanquished.

Notes
Turn   | Place    | Note
-------+----------+-------------------------------------------
     0 | D:1      | shoop the Deep Elf Arcane Marksman began the quest for the
                  | Orb.
     0 | D:1      | Reached XP level 1. HP: 11/11 MP: 5/5
    62 | D:1      | Slain by a kobold

Illustrated notes

Levels and vault maps discovered:
D:1:      lightli_arrival_chessboard, layout_loops_cross, serial_shops,
          nicolae_shop_behind_doors

Action                   || total
-------------------------++-------
 Fire: Shortbow          ||    18
Armor: Robe              ||     3
Dodge: Dodged            ||    15

Table legend: (Time is in decaauts)
 A = Elapsed time spent in this place.
 B = Non-inter-level travel time spent in this place.
 C = Inter-level travel time spent in this place.
 D = Time resting spent in this place.
 E = Time spent auto-exploring this place.
 F = Levels seen in this place.
 G = Mean time per level.
                   A        B        C        D        E       F      G
               +--------+--------+--------+--------+--------+-----+--------+
         Total |     68 |     68 |      0 |      0 |     34 |   1 |   68.0 |
       Dungeon |     68 |     68 |      0 |      0 |     34 |   1 |   68.0 |
               +--------+--------+--------+--------+--------+-----+--------+

Top non-repeatable levels by time:
     D:1: 68 daAuts
